 Dungeon Crawl Stone Soup version 0.31.0-32-g396128a36d (webtiles) character file.

Game seed: 4339474569294664520

3595 PaiMei the Scholar of Death (level 9, -1/71 HPs)
             Began as a Demonspawn Necromancer on Apr 12, 2024.
             Was a Follower of Kikubaaqudgha.
             Slain by an orc warrior
             ... wielding a +0 scimitar
              (11 damage)
             ... on level 8 of the Dungeon.
             The game lasted 00:16:28 (11848 turns).

PaiMei the Scholar of Death (DsNe)                 Turns: 11848, Time: 00:16:28

Health: -1/71      AC:  9    Str:  6    XL:     9   Next: 85%
Magic:  13/19      EV: 17    Int: 25    God:    Kikubaaqudgha [*.....]
Gold:   316        SH:  4    Dex: 13    Spells: 13/21 levels left

rFire   + . .        t - +7 short sword of the Lame Duck {pain, Str-4 Int+6}
rCold   . . .        C - +0 buckler
rNeg    . . .        B - +2 leather armour {rF+}
rPois   .            x - +0 helmet
rElec   .            (no cloak)
rCorr   .            (no gloves)
SInv    .            j - +0 pair of boots
Will    .....        (no amulet)
Stlth   ++           p - ring of wizardry
HPRegen 0.31/turn    y - +5 ring of evasion
MPRegen 0.16/turn

%: wizardry (x1)
@: no status effects
A: hooves 2, thin metallic scales 1, demonic guardian 1
a: Renounce Religion, Unearth Wretches


You were on level 8 of the Dungeon.
You worshipped Kikubaaqudgha.
Kikubaaqudgha was aware of your devotion.
You visited 2 branches of the dungeon, and saw 9 of its levels.

You collected 352 gold pieces.
You spent 36 gold pieces at shops.

Inventory:

Hand Weapons
 t - the +7 short sword of the Lame Duck (weapon) {pain, Str-4 Int+6}
   (You found it on level 4 of the Dungeon)

   Str-4:     It affects your strength (-4).
   Int+6:     It affects your intelligence (+6).
Armour
 j - a +0 pair of boots (worn)
 x - a +0 helmet (worn)
 B - a +2 leather armour of fire resistance (worn)
 C - a +0 buckler (worn)
Jewellery
 o - a ring of see invisible
 p - a ring of wizardry (left hand)
 y - a +5 ring of evasion (right hand)
 D - a ring of resist corrosion
Scrolls
 c - 2 scrolls of enchant weapon {unknown}
 f - 3 scrolls of teleportation
 g - 14 scrolls of identify {unknown}
 i - 2 scrolls of fear {unknown}
 k - 3 scrolls of amnesia {unknown}
 l - a scroll of poison {unknown}
 q - 2 scrolls of immolation {unknown}
 s - a scroll of fog {unknown}
 w - a scroll of brand weapon {unknown}
 z - a scroll of torment {unknown}
 A - 2 scrolls of noise {unknown}
Potions
 a - a potion of degeneration {unknown}
 b - 3 potions of magic
 d - 2 potions of curing {unknown}
 e - a potion of enlightenment {unknown}
 h - a potion of heal wounds
 m - 2 potions of might {unknown}
 n - a potion of brilliance {unknown}
 r - a potion of resistance {unknown}
 u - a potion of lignification {unknown}
 v - a potion of haste {unknown}


   Skills:
 + Level 6.8 Fighting
 + Level 6.7 Dodging
 - Level 2.0 Stealth
 + Level 6.7 Spellcasting
 + Level 9.0 Necromancy


You had 13 spell levels left.
You knew the following spells:

 Your Spells              Type           Power      Damage    Failure   Level
a - Necrotise             Necr           100%       1d9       1%          1
b - Vampiric Draining     Necr           52%        2d9       1%          3
c - Animate Dead          Necr           52%        N/A       1%          4

Your spell library contained the following spells:

 Spells                   Type           Power      Damage    Failure   Level
 Sublimation of Blood     Necr           52%        N/A       1%          2
 Curse of Agony           Necr           52%        N/A       5%          5
 Freeze                   Ice            32%        1d5       8%          1
 Ensorcelled Hibernation  Hex/Ice        16%        N/A       12%         2
 Frozen Ramparts          Ice            16%        1d3       22%         3
 Hailstorm                Conj/Ice       8%         3d5       22%         3
 Passwall                 Erth           8%         N/A       22%         3
 Swiftness                Air            8%         N/A       22%         3


Dungeon Overview and Level Annotations

Branches:
Dungeon (8/15)             Temple (1/1) D:7            Lair (0/5) D:8

Altars:
Ashenzari
Cheibriados
Dithmenos
Fedhas
Gozag
Hepliaklqana
Kikubaaqudgha
Makhleb
Nemelex Xobeh
Okawaru
Qazlal
Ru
Sif Muna
Trog
Uskayaw
Vehumet
Wu Jian
Xom
Yredelemnul
Lugonu

Shops:
D:1 [   D:2 **[[   D:3 (

Portals:
Abyss: D:4

Annotations:
D:6 Menkaure


Innate Abilities, Weirdness & Mutations

You have hoof-like feet.
You are partially covered in thin metallic scales. (AC +2)
A weak demonic guardian rushes to your aid.


Message History

You puncture something! Kikubaaqudgha accepts your kill.
Reactivating autopickup.
You feel a bit more experienced. The orc warrior barely misses you.
Something hits you but does no damage.
Deactivating autopickup; reactivate with Ctrl-A.
Your iron imp misses the sky beast.
The sky beast hits you but does no damage.
You swap places.
The orc warrior hits you with a +0 scimitar!!
* * * LOW HITPOINT WARNING * * *
Your shadow imp barely misses the orc warrior.
Something barely misses you. The sky beast hits your shadow imp.
The sky beast shocks your shadow imp.
Your shadow imp dies!
Your shadow imp disappears in a puff of smoke!
Your iron imp misses the sky beast.
Things that are here:
a +0 dagger; a +0 robe; an orc corpse The orc warrior attacks as it pursues you!
The orc warrior hits you with a +0 scimitar!
* * * LOW HITPOINT WARNING * * *
Casting: Vampiric Draining (safe; 1% risk of failure)
Confirm with . or Enter, or press ? or * to list all spells.
Aiming: Vampiric Draining (safe; 1% risk of failure)
Press: ? - help, Shift-Dir - straight line, f - orc warrior
Aim: an orc warrior, wielding a +0 scimitar and wearing a +0 chain mail (heavily wounded, ally target)
You draw life force from the orc warrior.
You feel life coursing into your body.
Casting: Vampiric Draining (safe; 1% risk of failure)
Confirm with . or Enter, or press ? or * to list all spells.
Aiming: Vampiric Draining (safe; 1% risk of failure)
Press: ? - help, Shift-Dir - straight line, f/p - orc warrior
Aim: an orc warrior, wielding a +0 scimitar and wearing a +0 chain mail (heavily wounded, ally target)
You draw life force from the orc warrior.
You feel life coursing into your body.
An orc wizard appears from thin air!
Reactivating autopickup.
The orc warrior hits you with a +0 scimitar!
You die...
Kikubaaqudgha rasps: "You have failed me!
Welcome... death!"

### ....
..... ######
##....
#....###.'..
#.##).# #.
#@o..#
#.###o#.#
#....Y).#
#..##.~5#
#.......#
##.....##
#...>####.#
###.......#
##.####....


You could see an orc warrior (ally target), a sky beast, an orc wizard and a
friendly iron imp (summoned).

Vanquished Creatures
  Grinder (D:5)
  A warg (D:7)
  A steam dragon (D:7)
  2 water moccasins
  An ice beast (D:6)
  Duvessa (D:7)
  2 wolves
  An ogre (D:5)
  A centaur (D:6)
  3 phantoms
  A kobold brigand (D:7)
  2 bullfrogs
  A gnoll sergeant (D:7)
  7 scorpions
  A burial acolyte (D:5)
  5 wights
  Dowan (D:7)
  A howler monkey (D:8)
  4 hounds
  3 jellies
  A bombardier beetle (D:6)
  4 orc priests
  A gnoll bouda (D:4)
  2 iguanas
  6 orc wizards
  13 gnolls
  11 adders
  An adder zombie (D:5)
  3 dart slugs
  3 ribbon worms
  15 orcs
  11 bats
  5 endoplasms
  5 giant cockroaches
  3 goblins
  9 hobgoblins
  8 jackals
  A quokka (D:1)
  8 ball pythons
  3 frilled lizards
  2 jackal zombies (D:5)
  14 kobolds
  2 rats
171 creatures vanquished.

Vanquished Creatures (collateral kills)
  A scorpion (D:7)
  A wight (D:7)
  A hound (D:2)
  A gnoll (D:3)
  An adder (D:7)
  A dart slug (D:1)
  An orc (D:8)
  2 endoplasms
  2 goblins
  A rat (D:1)
12 creatures vanquished.

Vanquished Creatures (others)
  3 scorpion zombies (D:7)
  A bat zombie (D:7)
  A lurking horror (D:4)
5 creatures vanquished.

Grand Total: 188 creatures vanquished

Notes
Turn   | Place    | Note
-------+----------+-------------------------------------------
     0 | D:1      | PaiMei the Demonspawn Necromancer began the quest for the
                  | Orb.
     0 | D:1      | Reached XP level 1. HP: 13/13 MP: 3/3
   298 | D:1      | Gained mutation: A weak demonic guardian rushes to your
                  | aid. [demonic ancestry]
   298 | D:1      | Reached XP level 2. HP: 19/19 MP: 3/5
   593 | D:1      | Found Duotz's Armour Shop.
   691 | D:1      | Reached XP level 3. HP: 25/25 MP: 3/6
   695 | D:1      | Learned a level 3 spell: Vampiric Draining
  1120 | D:2      | Reached skill level 1 in Fighting
  1145 | D:2      | Reached XP level 4. HP: 4/32 MP: 0/7
  1526 | D:2      | Found Yvaofaf's Antique Armour Boutique.
  1558 | D:2      | Found Syschab's Antique Armour Shop.
  1694 | D:2      | Found Dialeteomp's General Store.
  1711 | D:2      | Found Ugrab's Assorted Antiques.
  1713 | D:2      | Bought a scroll of teleportation for 36 gold pieces
  1898 | D:2      | Reached skill level 5 in Necromancy
  2187 | D:3      | Found a bloodstained altar of Trog.
  2788 | D:3      | Gained mutation: You are partially covered in thin metallic
                  | scales. (AC +2) [demonic ancestry]
  2788 | D:3      | Reached XP level 5. HP: 38/38 MP: 6/9
  2946 | D:3      | Found Dori's Weapon Shoppe.
  3874 | D:4      | Found a corrupted altar of Lugonu.
  3874 | D:4      | Found a one-way gate to the infinite horrors of the Abyss.
  4164 | D:4      | Gained mutation: You have large cloven feet. [demonic
                  | ancestry]
  4164 | D:4      | Reached XP level 6. HP: 28/46 MP: 3/10
  4440 | D:4      | Identified the +7 short sword of the Lame Duck {pain, Str-4
                  | Int+6}
  4875 | D:5      | Entered Level 5 of the Dungeon
  5113 | D:5      | Reached skill level 6 in Necromancy
  5118 | D:4      | Gained mutation: You have hoof-like feet. [demonic
                  | ancestry]
  5118 | D:4      | Reached XP level 7. HP: 37/52 MP: 3/12
  5843 | D:5      | Found an ancient bone altar of Kikubaaqudgha.
  5921 | D:5      | Noticed Grinder
  5921 | D:5      | Paralysed by Grinder for 5 turns
  5937 | D:5      | Paralysed by Grinder for 4 turns
  5952 | D:5      | Killed Grinder
  5953 | D:5      | Reached XP level 8. HP: 42/60 MP: 14/14
  6173 | D:5      | Found a basalt altar of Yredelemnul.
  6175 | D:5      | Noticed a profane servitor
  6596 | D:5      | Became a worshipper of Kikubaaqudgha
  6728 | D:6      | Noticed Menkaure
  6773 | D:6      | Reached skill level 7 in Necromancy
  6992 | D:6      | Reached skill level 5 in Spellcasting
  6997 | D:6      | Reached skill level 5 in Dodging
  7150 | D:6      | Reached skill level 5 in Fighting
  8130 | D:7      | Noticed Dowan
  8382 | D:7      | Found a staircase to the Ecumenical Temple.
  8515 | D:7      | Killed Dowan
  8516 | D:7      | Reached XP level 9. HP: 68/68 MP: 11/17
  8649 | D:7      | Reached skill level 8 in Necromancy
  8799 | D:7      | Learned a level 4 spell: Animate Dead
  9211 | D:7      | Reached * piety under Kikubaaqudgha
  9211 | D:7      | Received a gift from Kikubaaqudgha
  9511 | D:7      | Noticed Duvessa
  9516 | D:7      | Killed Duvessa
 10063 | Temple   | Entered the Ecumenical Temple
 10703 | D:8      | Found a staircase to the Lair.
 11222 | D:8      | Noticed a two-headed ogre
 11728 | D:8      | Reached skill level 9 in Necromancy
 11776 | D:8      | Found a snail-covered altar of Cheibriados.
 11848 | D:8      | Slain by an orc warrior

Illustrated notes

Levels and vault maps discovered:
D:1:      minmay_arrival_plants_in_alcoves, layout_basic, serial_shops,
          nicolae_shop_crystal, st_stairs_2
D:2:      layout_basic, serial_shops, nicolae_shop_peninsula, shop,
          nicolae_shop_overgrown_old_shop, shop
D:3:      layout_basic, mainiacjoe_overflow_chevrons, serial_shops, shop,
          serial_bayou_ford_a
D:4:      layout_gridville, amcnicky_altar_lugonu_corruption
D:5:      layout_loops_ring, mainiacjoe_overflow_paths,
          grunt_temple_overflow_holy_war, lemuel_zombie_altar_kikubaaqudgha,
          nrook_campfire, nicolae_figureground_pulse, uniq_grinder
D:6:      layout_cave_pools, serial_glass, glass_columns_b, glass_columns_a,
          uniq_menkaure
D:7:      old_forge, layout_loops_ring, minmay_temple_entry_large_hall,
          uniq_duvessa
D:8:      layout_basic, cheibriados_altar_1, erik_lair_orcish_takeover,
          lightli_bailey_entry_fortress, grunt_ministairs_12, st_stairs_7
Temple:   nicolae_temple_x_marks_the_god

Skill      XL: |  1  2  3  4  5  6  7  8  9 |
---------------+----------------------------+-----
Dodging        | 2 3 4 5 6 |  6.7
Stealth        | 2 |  2.0
Fighting       | 1 2 3 4 5 6 |  6.8
Necromancy     | 5 6 7 9 |  9.0
Spellcasting   | 3 4 5 6 |  6.7

Action                     |  1- 3 |  4- 6 |  7- 9 || total
---------------------------+-------+-------+-------++-------
  Melee: Mace              |    14 |    18 |       ||    32
         Short sword       |       |    12 |   172 ||   184
         Punch             |       |       |     1 ||     1
   Cast: Necrotise         |    54 |   124 |    89 ||   267
         Vampiric Draining |       |     6 |    64 ||    70
         Animate Dead      |       |       |     1 ||     1
    Use: Potion            |       |       |     2 ||     2
         Scroll            |       |       |     1 ||     1
   Stab: Distracted        |       |       |     1 ||     1
 Armour: Robe              |    19 |    52 |    73 ||   144
         Leather armour    |       |       |    68 ||    68
  Dodge: Dodged            |    23 |    40 |   193 ||   256
  Block: Buckler           |       |       |     2 ||     2
